Map: Echo LE (Void)

Players

Nathanias

  • Race: Zerg Zerg

Bop - Winner!

  • Race: Zerg Zerg

VOD

Have the link to the VOD?

Description

Time

  • Played on: May 2, 2015, 2:46 a.m.
  • Length: 4:43
Show
View Real Time Build Order
Export as new Build Order

Nathanias Zerg 

Build Orders: Hatch First, Zergling Baneling 

Get SALT Encoding   

  12  0:01  Drone  
  13  0:12  Overlord  
  13  0:16  Drone  
  14  0:32  Drone  
  14  0:33  Drone  
  14  0:35  Drone  
  17  0:52  Hatchery  
  16  0:58  Drone  
  16  0:59  Extractor  
  16  1:11  Spawning Pool  
  16  1:25  Drone  
  16  1:26  Drone x2  
  18  1:37  Drone  
  19  1:48  Drone  
  20  1:58  Queen  
  20  2:00  Metabolic Boost  
  22  2:03  Queen  
  24  2:09  Drone x3  
  24  2:15  Drone  
  28  2:20  Overlord  
  28  2:39  Drone  
  28  2:40  Drone x2  
  31  2:45  Baneling Nest  
  31  2:47  Drone  
  31  2:48  Drone  
  32  2:51  Overlord  
  32  3:03  Drone x2  
  34  3:13  Zergling x18  
  43  3:21  Overlord  
  43  3:40  Zergling x2  
  44  3:47  Overlord  
  44  3:48  Overlord  
  44  3:55  Overlord  
  44  4:05  Baneling  
  44  4:06  Baneling x10  
  44  4:14  Zergling x26  
  44  4:15  Zergling x2  
  58  4:23  Zergling x2  
  58  4:24  Zergling x4  
Show
View Real Time Build Order
Export as new Build Order

Bop Zerg - Winner!

Build Orders: Hatch First, Zergling Baneling 

Get SALT Encoding   

  12  0:00  Drone  
  13  0:12  Overlord  
  13  0:17  Drone  
  14  0:30  Drone  
  14  0:31  Drone  
  14  0:34  Drone  
  17  0:52  Hatchery  
  17  0:55  Drone  
  17  0:58  Extractor  
  17  1:01  Drone  
  17  1:14  Spawning Pool  
  16  1:18  Drone  
  16  1:20  Drone  
  18  1:28  Drone  
  19  1:39  Drone  
  20  2:00  Queen  
  22  2:02  Metabolic Boost  
  22  2:03  Zergling x2  
  22  2:04  Zergling x2  
  22  2:05  Queen  
  22  2:07  Overlord  
  26  2:12  Drone  
  27  2:16  Drone  
  28  2:24  Baneling Nest  
  28  2:26  Drone x2  
  29  2:33  Drone  
  30  2:38  Queen  
  30  2:41  Drone  
  33  2:46  Overlord  
  33  2:50  Drone  
  34  3:01  Drone x2  
  34  3:04  Drone  
  36  3:14  Drone x7  
  36  3:16  Extractor  
  36  3:17  Extractor  
  41  3:22  Zergling x2  
  41  3:25  Lair  
  42  3:28  Drone  
  42  3:32  Zergling x2  
  44  3:38  Spine Crawler  
  42  3:42  Zergling x2, Baneling x2  
  42  3:43  Zergling x2  
  42  3:44  Overlord  
  44  3:50  Overlord  
  44  3:52  Baneling x2  
  44  4:06  Zergling x4  
  44  4:07  Zergling x8  
  50  4:13  Baneling x4  
  50  4:16  Overlord  
  52  4:23  Zergling x4  
Tags
 
Add a new tag
Caveats
  • Supply blocks, unpowered buildings, or Contaminate may cause inaccurate times.
  • Supply counts are checked every 10 seconds.